 Dungeon Crawl Stone Soup version bcrawl-1.19.1 (webtiles) character file.

Game seed: 12195982567835192699

17230 Freyura the Basher (level 12, -1/75 HPs)
             Began as a Skeleton Fighter on Nov 24, 2019.
             Was an Elder of Makhleb.
             Slain by a seven-headed hydra (6 damage)
             ... on level 4 of the Lair of Beasts.
             The game lasted 00:45:42 (12645 turns).

Freyura the Basher (Skeleton Fighter)              Turns: 12645, Time: 00:45:43

Health: -1/75      AC: 28    Str: 25 (27) XL:     12   Next: 17%
Magic:  0/25       EV: 11    Int:  8      God:    Makhleb [****..]
Gold:   770        SH: 18    Dex: 12      Spells: 11/11 levels left

rFire    + . .     SeeInvis .   o - +3 mace "Stringbean" {crush, +Fly rPois rF+}
rCold    + . .     Gourm    .   t - +0 large shield
rNeg     + + +     Faith    .   z - +11 chain mail of Riacyf {Str+4 Slay-5}
rPois    ∞         Spirit   +   d - +2 helmet
rElec    .         Reflect  .   h - +0 cloak
rCorr    .         Harm     .   E - +0 pair of gloves
MR       ++...                  (no boots)
Stlth    ..........             (no amulet)
HPRegen  0.22/turn              j - ring of magical power
MPRegen  0.19/turn              x - ring of protection from magic

@: no status effects
A: no food or potions, cold resistance 1, deterioration 1, negative energy
resistance 3, powered by death 1, torment resistance, unbreathing, magic shield,
sturdy frame 2, spell healing
a: Minor Destruction, Lesser Servant of Makhleb, Major Destruction, Renounce
Religion, Evoke Flight


You were on level 4 of the Lair of Beasts.
You worshipped Makhleb.
Makhleb was greatly pleased with you.
You were not hungry.

You visited 3 branches of the dungeon, and saw 14 of its levels.

You collected 770 gold pieces.

Inventory:

Hand Weapons
 o - the +3 mace "Stringbean" (weapon) {crush, +Fly rPois rF+}
   (You found it on level 4 of the Dungeon)

   It inflicts extra damage upon your enemies.
   It protects you from fire.
   It protects you from poison.
   It lets you fly.
 v - a +3 whip of flaming
Armour
 d - a +2 helmet (worn)
 h - a +0 cloak (worn)
 i - a +0 chain mail
 l - a +0 plate armour
 t - a +0 large shield (worn)
 z - the +11 chain mail of Riacyf (worn) {Str+4 Slay-5}
   (You found it on level 8 of the Dungeon)

   It affects your strength (+4).
   It affects your accuracy and damage with ranged weapons and melee attacks
   (-5).
 E - a +0 pair of gloves (worn)
Jewellery
 j - a ring of magical power (left hand)
 p - an uncursed amulet of guardian spirit {unknown}
 x - a ring of protection from magic (right hand)
 A - a +2 ring of strength {unknown}
 B - an uncursed ring of protection from cold
 F - an uncursed ring of ice
Wands
 a - a wand of flame (89)
 n - a wand of enslavement (11)
 r - a wand of acid (7)
 s - a wand of random effects (8)
 D - a wand of clouds (9)
Scrolls
 b - 2 scrolls of fog
 c - a scroll of brand weapon
 e - a scroll of amnesia
 f - 14 scrolls of identify
 g - 5 scrolls of remove curse
 m - 2 scrolls of blinking
 q - 5 scrolls of teleportation
 u - a scroll of fear
 w - a scroll of magic mapping
 y - a scroll of noise
 C - a scroll of vulnerability
Miscellaneous
 k - a lamp of fire


   Skills:
 + Level 8.9 Fighting
 + Level 11.2 Maces & Flails
 + Level 9.6 Armour
 + Level 8.1 Dodging
 + Level 10.4 Shields
 + Level 6.5 Invocations


You had 11 spell levels left.
You didn't know any spells.
Your spell library contained the following spells:

 Spells                   Type           Power        Failure   Level  Hunger
 Iskenderun's Battlesphe  Conj/Chrm      #.......     100%        5    N/A
 Iron Shot                Conj/Erth      #.........   100%        6    N/A
 Poison Arrow             Conj/Pois      #.........   100%        6    N/A
 Orb of Destruction       Conj           #.........   100%        7    N/A
 Spellforged Servitor     Conj/Summ      #.........   100%        7    N/A

Dungeon Overview and Level Annotations

Branches:
Dungeon (9/12)             Temple (1/1) D:5            Lair (4/6) D:9
 Spider (0/3) Lair:3
  Swamp: Lair:2-4    Shoals: Lair:2-4       Orc: D:8-11

Altars:
Ashenzari
Cheibriados
Dithmenos
Elyvilon
Fedhas
Gozag
Hepliaklqana
Kikubaaqudgha
Lugonu
Makhleb
Nemelex Xobeh
Okawaru
Qazlal
Ru
Sif Muna
Trog
Uskayaw
Vehumet
Wu Jian
Xom
Yredelemnul
Zin
The Shining One

Shops:
D:6 ?   D:7 :

Annotations:
D:3 2 transporters, Freyura's ghost, amateur DsGl
D:6 exclusion: oklob plant
Lair:1 3 runed translucent doors, dracos369's ghost, journeyman OpTm


Innate Abilities, Weirdness & Mutations

You do not eat or drink.
You are immune to poison.
Your flesh is cold resistant. (rC+)
Your body sometimes deteriorates upon taking damage.
You are immune to negative energy. (rN+++)
You regenerate a little health from kills.
You are immune to unholy pain and torment.
You can survive without breathing.
When hurt, damage is shared between your health and your magic reserves.
Your movements are less encumbered by armour. (ER -4)
Casting spells heals you.


Message History

You block the crocodile's attack. You block the swamp worm's attack.
The crocodile completely misses you.
The swamp worm throws harpoon shot at you.
You block the harpoon shot.
As you read the scroll labeled WAUPNUDDUGI, it crumbles to dust.
It is a scroll of enchant weapon.
Your +2 whip of flaming glows red for a moment.
The swamp worm throws harpoon shot at you.
You block the harpoon shot.
You hit the yak but do no damage.
The seven-headed hydra bites you but does no damage.
You block the seven-headed hydra's attack.
The seven-headed hydra bites you but does no damage. x2
You block the seven-headed hydra's attack.
The seven-headed hydra bites you but does no damage. x2
The yak gores you but does no damage.
You hit the yak but do no damage.
You block the seven-headed hydra's attack. x3
The seven-headed hydra bites you!
You die...

##..............Y.Y
#............?..Y.l
#.............#..wD
##.........##.##..#
##........P...#..#
#.................
##tY..............
##DY....♣♣♣♣♣♣♣..♣
#@Yw....♣ ≈..
####...♣♣ ≈≈ #....♣
#.....♣ ♣ .......♣
♣ ......♣♣ ♣ ...♣♣
....


You could see a seven-headed hydra, 3 yaks, a swamp worm and a crocodile.

Vanquished Creatures
  A hydra (Lair:4)
  Fannar (Lair:3)
  A centaur warrior (D:8)
  A two-headed ogre (D:7)
  The ghost of Sickboy the Thaumaturge, a journeyman FrWz (D:9)
  A cyclops (D:9)
  Pikel (D:7)
  5 cane toads
  A rime drake (Lair:1)
  3 komodo dragons
  2 jumping spiders (Lair:3)
  A polar bear (Lair:4)
  Grinder (D:6)
  4 hippogriffs
  A redback (Lair:3)
  Sigmund (D:6)
  6 yaks (Lair:1)
  2 basilisks (Lair:3)
  2 wyverns (Lair:4)
  Eustachio (D:6)
  3 water moccasins
  7 porcupines
  2 sky beasts
  5 orc warriors
  2 ice beasts
  A slave (D:6)
  A black bear (D:7)
  A phantom (D:7)
  4 wolves (Lair:2)
  8 ogres
  4 centaurs
  4 big kobolds
  11 bullfrogs
  2 scorpions
  A wyvern skeleton (D:7)
  4 killer bees (D:9)
  15 wights
  9 howler monkeys
  2 crimson imps
  A bullfrog zombie (D:5)
  A quasit (D:8)
  9 orc wizards
  4 centaur skeletons
  6 hounds
  2 jellies
  A bullfrog skeleton (D:7)
  2 orc priests
  6 iguanas
  7 worker ants
  A hound skeleton (D:8)
  A howler monkey zombie (D:6)
  3 worker ant zombies
  8 gnolls
  11 adders
  A shadow imp (D:7)
  2 oozes
  An adder zombie (D:5)
  An adder skeleton (D:7)
  6 worms
  A dart slug (D:1)
  3 leopard geckos
  24 orcs
  3 ball pythons
  11 bats
  9 goblins
  8 hobgoblins
  13 jackals
  22 kobolds
  2 quokkas
  5 frilled lizards
  2 gnoll zombies (D:6)
  8 rats
  2 fungi (D:6)
  3 plants (D:6)
313 creatures vanquished.

Vanquished Creatures (others)
  A slave (D:7)
  A fungus (Lair:3)
  8 plants
10 creatures vanquished.

Grand Total: 323 creatures vanquished

Notes
Turn   | Place    | Note
-------+----------+-------------------------------------------
     0 | D:1      | Freyura the Skeleton Fighter began the quest for the Orb.
     0 | D:1      | Reached XP level 1. HP: 14/14 MP: 1/1
   126 | D:1      | Reached XP level 2. HP: 10/19 MP: 0/2
   374 | D:1      | Reached skill level 3 in Maces & Flails
   581 | D:1      | Reached XP level 3. HP: 18/23 MP: 1/3
  1129 | D:2      | Found an ornate altar of the Wu Jian Council.
  1267 | D:2      | Reached skill level 1 in Dodging
  1589 | D:2      | Reached XP level 4. HP: 25/28 MP: 4/4
  1723 | D:2      | Reached skill level 4 in Maces & Flails
  1975 | D:2      | Found an iron altar of Okawaru.
  2265 | D:2      | Reached XP level 5. HP: 26/32 MP: 1/5
  2737 | D:3      | Found a glowing silver altar of Zin.
  2890 | D:3      | Noticed Freyura's ghost (amateur DsGl)
  2980 | D:3      | Found a transporter.
  2986 | D:3      | Found a transporter.
  3095 | D:3      | Found a shimmering blue altar of Sif Muna.
  3721 | D:4      | Gained mutation: You regenerate a little health from kills.
                  | [Skeleton growth]
  3721 | D:4      | Reached XP level 6. HP: 34/38 MP: 6/6
  3757 | D:4      | Reached skill level 5 in Maces & Flails
  4081 | D:4      | Got a bloodstained mace
  4083 | D:4      | Identified the +3 mace "Stringbean" {crush, +Fly rPois rF+}
                  | (You found it on level 4 of the Dungeon)
  4104 | D:4      | Reached skill level 5 in Shields
  4104 | D:4      | Reached XP level 7. HP: 25/43 MP: 7/7
  4280 | D:4      | Reached skill level 6 in Maces & Flails
  4732 | D:5      | Entered Level 5 of the Dungeon
  4767 | D:5      | Reached skill level 5 in Armour
  4942 | D:5      | Reached skill level 7 in Maces & Flails
  4942 | D:5      | Reached XP level 8. HP: 42/48 MP: 8/8
  4953 | D:5      | Found a staircase to the Ecumenical Temple.
  4974 | Temple   | Entered the Ecumenical Temple
  5034 | Temple   | Became a worshipper of Makhleb the Destroyer
  5108 | D:5      | Found a bloodstained altar of Trog.
  5123 | D:5      | Reached skill level 5 in Fighting
  5161 | D:5      | Found a shattered altar of Ashenzari.
  5186 | D:5      | Reached skill level 1 in Invocations
  5308 | D:5      | Found a sparkling altar of Nemelex Xobeh.
  5647 | D:6      | Noticed Grinder
  5668 | D:6      | Killed Grinder
  5687 | D:6      | Found Duaxteq's Magic Scroll Shop.
  5697 | D:6      | Reached * piety under Makhleb
  5743 | D:6      | Reached XP level 9. HP: 47/55 MP: 10/10
  5756 | D:6      | Reached skill level 8 in Maces & Flails
  5786 | D:6      | Noticed Sigmund
  5800 | D:6      | Killed Sigmund
  5938 | D:6      | Found an ancient bone altar of Kikubaaqudgha.
  6017 | D:6      | Found a radiant altar of Vehumet.
  6037 | D:6      | Noticed Eustachio
  6087 | D:6      | Killed Eustachio
  6087 | D:6      | Reached skill level 5 in Dodging
  6206 | D:6      | Found a basalt altar of Yredelemnul.
  6264 | D:6      | Found a blossoming altar of Fedhas.
  6275 | D:6      | Noticed an oklob plant
  6423 | D:7      | Noticed Pikel
  6552 | D:7      | Killed Pikel
  6652 | D:7      | Reached ** piety under Makhleb
  6880 | D:7      | Found a shimmering altar of Xom.
  6892 | D:7      | Gained mutation: Your movements are less encumbered by
                  | armour. (ER -4) [Skeleton growth]
  6892 | D:7      | Reached XP level 10. HP: 61/61 MP: 12/12
  6911 | D:7      | Reached skill level 9 in Maces & Flails
  7024 | D:7      | Found Vaexefao's Book Shop.
  7267 | D:8      | Noticed a two-headed ogre
  7282 | D:7      | Killed a two-headed ogre
  7289 | D:8      | Noticed a centaur warrior
  7528 | D:8      | Killed a centaur warrior
  7581 | D:8      | Got a steaming chain mail
  7592 | D:8      | Identified the +11 chain mail of Riacyf {Str+4 Slay-5} (You
                  | found it on level 8 of the Dungeon)
  7603 | D:8      | Found a corrupted altar of Lugonu.
  7722 | D:8      | Reached *** piety under Makhleb
  8265 | D:9      | Found a staircase to the Lair.
  8267 | D:9      | Noticed a cyclops
  8279 | D:9      | Killed a cyclops
  8279 | D:9      | Reached skill level 5 in Invocations
  8416 | D:9      | Reached XP level 11. HP: 67/68 MP: 14/14
  8510 | D:9      | Found a runed translucent door.
  8789 | D:9      | Reached skill level 10 in Maces & Flails
  8828 | D:9      | Reached **** piety under Makhleb
  9088 | D:9      | Found a blossoming altar of Fedhas.
  9091 | D:9      | Found a snail-covered altar of Cheibriados.
  9094 | D:9      | Found a sacrificial altar of Ru.
  9306 | D:9      | Noticed Sickboy's ghost (journeyman FrWz)
  9352 | D:9      | Killed Sickboy's ghost
  9565 | Lair:1   | Entered Level 1 of the Lair of Beasts
  9712 | Lair:1   | Noticed a four-headed hydra
  9714 | Lair:1   | Found a runed translucent gate.
  9715 | Lair:1   | Found a runed translucent gate.
  9718 | Lair:1   | Found a runed translucent gate.
  9720 | Lair:1   | Noticed dracos369's ghost (journeyman OpTm)
 10874 | Lair:2   | Reached skill level 10 in Shields
 11564 | Lair:3   | Found a hole to the Spider Nest.
 12088 | Lair:3   | Noticed Fannar
 12124 | Lair:3   | Killed Fannar
 12124 | Lair:3   | Reached skill level 11 in Maces & Flails
 12124 | Lair:3   | Reached XP level 12. HP: 47/75 MP: 16/16
 12351 | Lair:4   | Noticed a five-headed hydra
 12376 | Lair:4   | Killed a five-headed hydra
 12602 | Lair:4   | Noticed a four-headed hydra
 12608 | Lair:4   | Noticed a seven-headed hydra
 12645 | Lair:4   | Slain by a seven-headed hydra

Skill      XL: |  1  2  3  4  5  6  7  8  9 10 11 12 |
---------------+-------------------------------------+-----
Maces & Flails | 3 4 5 7 8 9 11 | 11.2
Shields        | 4 5 6 7 9 10 | 10.4
Dodging        | 1 2 3 4 5 6 7 8 |  8.1
Armour         | 4 5 6 7 8 9 |  9.6
Fighting       | 4 5 6 7 8 |  8.9
Invocations    | 2 3 5 6 |  6.5

Action                   |  1- 3 |  4- 6 |  7- 9 | 10-12 || total
-------------------------+-------+-------+-------+-------++-------
Melee: Flail             |   193 |   150 |       |       ||   343
       Mace              |       |    12 |   537 |  1116 ||  1665
 Abil: Evoke Flight      |       |       |     1 |       ||     1
  Use: Scroll            |       |     6 |     5 |     7 ||    18
 Stab: Sleeping          |       |       |     4 |     1 ||     5
Armor: Scale mail        |    79 |    71 |    10 |       ||   160
       Chain mail        |       |       |   213 |   695 ||   908
Dodge: Dodged            |    75 |    62 |   148 |   439 ||   724
Block: Shield            |   115 |    80 |    92 |       ||   287
       Large shield      |       |       |   335 |  1391 ||  1726
